 Dungeon Crawl Stone Soup version 0.15-a0-1828-g04ddf54 (webtiles) character file.

131 Chiseanne the Magician (level 4, 0/33 HPs)
             Began as a Draconian Wizard on July 2, 2014.
             Slain by a gnoll
             ... wielding a +0 spear
              (8 damage)
             ... on Level 2 of the Dungeon.
             The game lasted 00:10:20 (2794 turns).

Chiseanne the Magician (Draconian Wizard)           Turns: 2794, Time: 00:10:20

HP   0/33        AC  5     Str  9      XL: 4   Next: 91%
MP   0/11        EV 12     Int 20      God:
Gold 88          SH  0     Dex  9      Spells:  4 memorised,  3 levels left

rFire  . . .     SeeInvis .     a - +0 spear
rCold  . . .     Clarity  .     (armour unavailable)
rNeg   . . .     rCorr    .     (no shield)
rPois  .         rRot     .     b - +0 hat
rElec  .         Spirit   .     (no cloak)
SustAb .         Warding  .     (no gloves)
rMut   .         Stasis   .     (no boots)
Gourm  .                        (no amulet)
MR     .....                    (no ring)
                                g - ring of flight

@: flying, very slightly contaminated, invisible, not resistant to hostile
enchantments, unstealthy
A: unfitting armour, spit poison 1, cold-blooded, AC +5
a: Spit Poison, Stop Flying


You were on level 2 of the Dungeon.
You were very hungry.

You visited 1 branch of the dungeon, and saw 2 of its levels.

You collected 88 gold pieces.

Inventory:

Hand weapons
 a - a +0 spear (weapon)
Missiles
 k - a throwing net (quivered)
 m - 7 silver bolts
 p - 25 sling bullets
Armour
 b - a +0 hat (worn)
Comestibles
 d - a bread ration
 j - a beef jerky
 o - 2 slices of pizza
Scrolls
 e - a scroll of identify
 h - a scroll of remove curse {unknown}
 i - a scroll of random uselessness {unknown}
 n - 2 scrolls of immolation {unknown}
 s - a scroll of recharging {unknown}
Jewellery
 g - a ring of flight (left hand)
Potions
 t - a potion of brilliance
Books
 c - a book of Minor Magic

   Spells                             Type                      Level
   *Magic Dart                        Conjuration                  1
   *Blink                             Translocation                2
   Call Imp                           Summoning                    2
   *Repel Missiles                    Charms/Air                   2
   Slow                               Hexes                        2
   *Conjure Flame                     Conjuration/Fire             3
   Mephitic Cloud                     Conjuration/Poison/Air       3


   Skills:
 * Level 2.6 Dodging
 * Level 2.1 Stealth
 * Level 4.3 Spellcasting
 * Level 2.2 Conjurations
   Level 1.0 Summonings
 - Level 1.0 Translocations


You had 3 spell levels left.
You knew the following spells:

 Your Spells              Type           Power        Failure   Level  Hunger
a - Magic Dart            Conj           ##..         6%          1    None
b - Conjure Flame         Conj/Fire      #.......     24%         3    ###....
c - Repel Missiles        Chrm/Air       #.....       21%         2    #......
d - Blink                 Tloc           N/A          14%         2    #......


Dungeon Overview and Level Annotations

Branches:
Dungeon (2/15)

Altars:
Makhleb


Innate Abilities, Weirdness & Mutations

Your plain brown scales are hard (AC +5).
Your body does not fit into most forms of armour.
Your cold-blooded metabolism reacts poorly to cold.
You can spit poison.


Message History

The gnoll hits you.
* * * LOW HITPOINT WARNING * * *
You have got your breath back.
Casting: Magic Dart
Confirm with . or Enter, or press ? or * to list all spells.
Aiming: Magic Dart
Press: ? - help, Shift-Dir - straight line, f/p - gnoll
Aim: a gnoll (heavily wounded)
The magic dart hits the gnoll.
The gnoll is heavily wounded.
The gnoll barely misses you.
Casting: Magic Dart
Confirm with . or Enter, or press ? or * to list all spells.
Aiming: Magic Dart
Press: ? - help, Shift-Dir - straight line, f/p - gnoll
Aim: a gnoll (heavily wounded)
The magic dart hits the gnoll.
The gnoll is severely wounded.
The gnoll hits you with a spear!
You die...

#.##...............#
#.##...........#####
#.##..../...........
#.##..%.............
###................... ###
#....####.............
#>.##...##.<#####.).......
#...#...#...######........
###.'#...#@.##............#
#.###....g###.............#
##........g................#
#.......⌠................%.#
#..............##..........#
#.####.....#####...........#
#.##.'#..%#'.# #...........#
#.#...#...#...##.g.........#
#.#<.##...##.>##g..........#


You could see 2 gnolls.

Vanquished Creatures
  4 adders (D:2)
  2 gnolls (D:2)
  2 worms (D:2)
  A giant gecko (D:2)
  An ooze (D:2)
  A ball python (D:2)
  4 giant cockroaches
  8 goblins
  10 hobgoblins
  3 jackals (D:1)
  A quokka (D:2)
  6 bats (D:1)
  3 giant newts (D:1)
  8 kobolds
  6 rats
60 creatures vanquished.

Notes
Turn   | Place    | Note
--------------------------------------------------------------
     0 | D:1      | Chiseanne, the Draconian Wizard, began the quest for the Orb.
     0 | D:1      | Reached XP level 1. HP: 14/14 MP: 4/4
   345 | D:1      | Reached XP level 2. HP: 20/20 MP: 3/6
   353 | D:1      | Learned a level 2 spell: Blink
   356 | D:1      | Learned a level 2 spell: Repel Missiles
  1082 | D:1      | Reached XP level 3. HP: 20/26 MP: 0/8
  1161 | D:1      | Learned a level 3 spell: Conjure Flame
  1716 | D:2      | Reached XP level 4. HP: 27/33 MP: 0/10
  1739 | D:2      | Reached skill level 4 in Spellcasting
  2639 | D:2      | Found a burning altar of Makhleb.
  2755 | D:2      | Gained mutation: You can spit poison. [potion of beneficial mutation]
  2794 | D:2      | Slain by a gnoll

Action                   |  1- 3 |  4- 6 || total
-------------------------+-------+-------++-------
Melee: Spear             |    52 |    40 ||    92
       Unarmed           |     4 |       ||     4
Throw: Throwing net      |       |     1 ||     1
 Cast: Magic Dart        |    97 |    63 ||   160
       Conjure Flame     |       |     1 ||     1
 Abil: Spit Poison       |       |     3 ||     3
       Evoke Flight      |       |     1 ||     1
Evoke: Wand              |     1 |       ||     1
  Use: Scroll            |       |     3 ||     3
       Potion            |       |     2 ||     2
 Stab: Sleeping          |     1 |       ||     1
       Invisible         |       |     1 ||     1
